SL
DETROIT RENAISSANCE @ NEW AMSTERDAM REPUBLICS
05/19/2024
 
TOP OF THE 1ST
Detroit Renaissance batting - Pitching for New Amsterdam Republics : RHP Pedro Castro
Pitching: RHP Pedro Castro
Batting: RHB Kyle Bywaters 0-0: Ball
1-0: Ground out 4-3 (Groundball, 4)
Batting: RHB Ron Ward 0-0: Ball
1-0: Ball
2-0: Called Strike
2-1: Ball
3-1: Swinging Strike
3-2: Foul Ball, location: 2F
3-2: Strikes out looking
Batting: LHB Mike Silver 0-0: Ball
1-0: SINGLE (Groundball, 34)
Batting: LHB Juan González 0-0: Called Strike
0-1: Ball
1-1: Called Strike
1-2: Strikes out swinging
Top of the 1st over - 0 run(s), 1 hit(s), 0 error(s), 1 left on base; Detroit 0 - New Amsterdam 0
BOTTOM OF THE 1ST
New Amsterdam Republics batting - Pitching for Detroit Renaissance : RHP Alejandro Arteaga
Pitching: RHP Alejandro Arteaga
Batting: RHB António Pérez 0-0: Called Strike
0-1: Foul Ball, location: 2F
0-2: Ball
1-2: Strikes out looking
Batting: RHB Cory Hansen 0-0: Ball
1-0: Foul Ball, location: 2F
1-1: SINGLE (Line Drive, 6MD)
Batting: LHB Félix López 0-0: Ball
1-0: Swinging Strike
1-1: Foul Ball, location: 2F
1-2: Ball
2-2: Ball
3-2: Base on Balls
Cory Hansen to second
Batting: RHB Hank Wilder 0-0: Called Strike
0-1: Called Strike
0-2: 3-RUN HOME RUN (Flyball, 7LD), Distance : 374 ft
Batting: LHB Eric Ward 0-0: Foul Ball, location: 2F
0-1: Ball
1-1: Fly out, F4 (Popup, 4)
Batting: RHB Luis Muńóz 0-0: Foul Ball, location: 2F
0-1: Ball
1-1: Ball
2-1: Foul Ball, location: 2F
2-2: Foul Ball, location: 2F
2-2: Ball
3-2: Fly out, F4 (Popup, 34D)
Bottom of the 1st over - 3 run(s), 2 hit(s), 0 error(s), 0 left on base; Detroit 0 - New Amsterdam 3
TOP OF THE 2ND
Detroit Renaissance batting - Pitching for New Amsterdam Republics : RHP Pedro Castro
Batting: LHB Michael Neely 0-0: Ball
1-0: Foul Ball, location: 2F
1-1: Called Strike
1-2: Ball
2-2: Foul Ball, location: 2F
2-2: Ball
3-2: Foul Ball, location: 2F
3-2: Strikes out looking
Batting: LHB Tim Waters 0-0: Ball
1-0: Called Strike
1-1: Called Strike
1-2: Ball
2-2: Ball
3-2: Base on Balls
Batting: LHB Gregory Johnson 0-0: Foul Ball, location: 2F
0-1: Ball
Wild Pitch!
Tim Waters to second
1-1: Ball
2-1: DOUBLE (Line Drive, 8RM)
Tim Waters scores
Batting: LHB Gustavo Cortéz 0-0: Ball
1-0: Ball
2-0: Ground out 1-3 (Groundball, 13)
Gregory Johnson to third
Batting: RHB Eric D'Angle 0-0: Ground out U3 (Groundball, 3)
Top of the 2nd over - 1 run(s), 1 hit(s), 0 error(s), 1 left on base; Detroit 1 - New Amsterdam 3
BOTTOM OF THE 2ND
New Amsterdam Republics batting - Pitching for Detroit Renaissance : RHP Alejandro Arteaga
Batting: RHB Ed Anderson 0-0: Ball
1-0: Called Strike
1-1: Called Strike
1-2: Foul Ball, location: 2F
1-2: Strikes out swinging
Batting: SHB Todd Hill 0-0: Ball
1-0: Ground out 4-3 (Groundball, 4M)
Batting: RHB Miguel Rodríguez 0-0: Fly out, F8 (Flyball, 8RS)
Bottom of the 2nd over - 0 run(s), 0 hit(s), 0 error(s), 0 left on base; Detroit 1 - New Amsterdam 3
TOP OF THE 3RD
Detroit Renaissance batting - Pitching for New Amsterdam Republics : RHP Pedro Castro
Batting: RHB Kyle Bywaters 0-0: Ball
1-0: Foul Ball, location: 2F
1-1: Ground out U3 (Groundball, 3S)
Batting: RHB Ron Ward 0-0: Swinging Strike
0-1: Ball
1-1: Called Strike
1-2: Strikes out looking
Batting: LHB Mike Silver 0-0: Called Strike
0-1: Ground out 4-3 (Groundball, 4M)
Top of the 3rd over - 0 run(s), 0 hit(s), 0 error(s), 0 left on base; Detroit 1 - New Amsterdam 3
BOTTOM OF THE 3RD
New Amsterdam Republics batting - Pitching for Detroit Renaissance : RHP Alejandro Arteaga
Batting: RHB António Pérez 0-0: Ball
1-0: Ball
2-0: Ball
3-0: Base on Balls
Batting: RHB Cory Hansen 0-0: Ball
1-0: Called Strike
1-1: Ball
2-1: Ball
3-1: Swinging Strike
3-2: SINGLE (Line Drive, 6M)
António Pérez to second
Batting: LHB Félix López 0-0: Fly out, F3 (Popup, 34)
Batting: RHB Hank Wilder 0-0: SINGLE (Flyball, 8RS)
António Pérez to third
Cory Hansen to second
Runner from 3rd tries for Home, SAFE, no throw or cutoff
Batting: LHB Eric Ward 0-0: Foul Ball, location: 2F
0-1: Ball
1-1: Foul Ball, location: 2F
1-2: Fly out, F6 (Popup, 6)
Batting: RHB Luis Muńóz 0-0: Ball
1-0: Ball
2-0: DOUBLE (Line Drive, 89D)
Cory Hansen scores
Hank Wilder to third
Runner from 3rd tries for Home, SAFE, no throw or cutoff
Batting: RHB Ed Anderson 0-0: Ball
1-0: Ground out 6-3 (Groundball, 6)
Bottom of the 3rd over - 3 run(s), 3 hit(s), 0 error(s), 1 left on base; Detroit 1 - New Amsterdam 6
TOP OF THE 4TH
Detroit Renaissance batting - Pitching for New Amsterdam Republics : RHP Pedro Castro
Batting: LHB Juan González 0-0: Ball
1-0: Ball
2-0: Foul Ball, location: 2F
2-1: Called Strike
2-2: Ball
3-2: Base on Balls
Batting: LHB Michael Neely 0-0: Ball
1-0: SINGLE (Groundball, 25) (infield hit)
Juan González to second
Batting: LHB Tim Waters 0-0: Called Strike
0-1: Ball
1-1: Ball
2-1: Ball
3-1: Called Strike
3-2: Foul Ball, location: 2F
3-2: Fly out, F2 (Popup, 25F)
Batting: LHB Gregory Johnson 0-0: Called Strike
0-1: Ball
1-1: Grounds into double play, 4-6-3 (Groundball, 34)
Top of the 4th over - 0 run(s), 1 hit(s), 0 error(s), 1 left on base; Detroit 1 - New Amsterdam 6
BOTTOM OF THE 4TH
New Amsterdam Republics batting - Pitching for Detroit Renaissance : RHP Alejandro Arteaga
Batting: SHB Todd Hill 0-0: Swinging Strike
0-1: Called Strike
0-2: Ball
1-2: SINGLE (Line Drive, 34D)
Batting: RHB Miguel Rodríguez 0-0: Swinging Strike
0-1: Fly out, F9 (Flyball, 9LM)
Batting: RHB António Pérez 0-0: Grounds into double play, 6-4-3 (Groundball, 6)
Bottom of the 4th over - 0 run(s), 1 hit(s), 0 error(s), 0 left on base; Detroit 1 - New Amsterdam 6
TOP OF THE 5TH
Detroit Renaissance batting - Pitching for New Amsterdam Republics : RHP Pedro Castro
Batting: LHB Gustavo Cortéz 0-0: Called Strike
0-1: Swinging Strike
0-2: Strikes out swinging
Batting: RHB Eric D'Angle 0-0: Called Strike
0-1: Ball
1-1: Swinging Strike
1-2: Strikes out swinging
Batting: RHB Kyle Bywaters 0-0: Called Strike
0-1: Called Strike
0-2: Ground out 6-3 (Groundball, 6)
Top of the 5th over - 0 run(s), 0 hit(s), 0 error(s), 0 left on base; Detroit 1 - New Amsterdam 6
BOTTOM OF THE 5TH
New Amsterdam Republics batting - Pitching for Detroit Renaissance : RHP Alejandro Arteaga
Batting: RHB Cory Hansen 0-0: Ball
1-0: Called Strike
1-1: Ground out 3-1 (Groundball, 34)
Batting: LHB Félix López 0-0: Swinging Strike
0-1: Ball
1-1: Ball
2-1: Swinging Strike
2-2: Strikes out swinging
Batting: RHB Hank Wilder 0-0: Called Strike
0-1: Ball
1-1: Called Strike
1-2: Ball
2-2: Ball
3-2: Base on Balls
Batting: LHB Eric Ward 0-0: Ball
1-0: Ball
2-0: Called Strike
2-1: Fly out, F6 (Popup, 56D)
Bottom of the 5th over - 0 run(s), 0 hit(s), 0 error(s), 1 left on base; Detroit 1 - New Amsterdam 6
TOP OF THE 6TH
Detroit Renaissance batting - Pitching for New Amsterdam Republics : RHP Pedro Castro
Batting: RHB Ron Ward 0-0: Ball
1-0: Ball
2-0: Foul Ball, location: 2F
2-1: SINGLE (Flyball, 9LS)
Batting: LHB Mike Silver 0-0: Ball
1-0: Ball
2-0: Called Strike
2-1: Fly out, F8 (Flyball, 8LD)
Batting: LHB Juan González 0-0: Called Strike
0-1: Ball
1-1: Ball
2-1: Foul Ball, location: 2F
2-2: Ball
3-2: Foul Ball, location: 2F
3-2: Reached on error, E3 (Groundball, 3)
Ron Ward to second
Batting: LHB Michael Neely 0-0: Ball
1-0: Called Strike
1-1: Foul Ball, location: 2F
1-2: Foul Ball, location: 2F
1-2: Grounds into double play, 4-6-3 (Groundball, 4)
Top of the 6th over - 0 run(s), 1 hit(s), 1 error(s), 1 left on base; Detroit 1 - New Amsterdam 6
BOTTOM OF THE 6TH
New Amsterdam Republics batting - Pitching for Detroit Renaissance : RHP Alejandro Arteaga
Pitching: RHP Lyle Lanley
Batting: RHB Luis Muńóz 0-0: Ball
1-0: Ball
2-0: Ball
3-0: Base on Balls
Batting: RHB Ed Anderson 0-0: Ball
1-0: Foul Ball, location: 2F
1-1: Ball
2-1: 2-RUN HOME RUN (Flyball, 7D), Distance : 394 ft
Batting: SHB Todd Hill 0-0: Ball
1-0: Ball
2-0: Swinging Strike
2-1: Swinging Strike
2-2: Strikes out looking
Batting: RHB Miguel Rodríguez 0-0: SINGLE (Line Drive, 9LS)
Batting: RHB António Pérez 0-0: DOUBLE (Flyball, 8LD)
Miguel Rodríguez to third
Runner from 3rd tries for Home, SAFE, throw made home
Pitching: LHP Kyle Lewis
Batting: RHB Cory Hansen 0-0: Ground out 1-3 (Groundball, 13)
António Pérez to third
Batting: LHB Félix López 0-0: Fly out, F2 (Popup, 2RF)
Bottom of the 6th over - 3 run(s), 3 hit(s), 0 error(s), 1 left on base; Detroit 1 - New Amsterdam 9
TOP OF THE 7TH
Detroit Renaissance batting - Pitching for New Amsterdam Republics : RHP Pedro Castro
Batting: LHB Tim Waters 0-0: Foul Ball, location: 2F
0-1: Ball
1-1: Swinging Strike
1-2: Strikes out swinging
Batting: LHB Gregory Johnson 0-0: Ball
1-0: Foul Ball, location: 2F
1-1: Ball
2-1: SINGLE (Groundball, 6MD)
Batting: LHB Gustavo Cortéz 0-0: Called Strike
0-1: Called Strike
Gregory Johnson is caught stealing 2nd base
0-2: Ball
1-2: Ball
2-2: Strikes out swinging
Top of the 7th over - 0 run(s), 1 hit(s), 0 error(s), 0 left on base; Detroit 1 - New Amsterdam 9
BOTTOM OF THE 7TH
New Amsterdam Republics batting - Pitching for Detroit Renaissance : LHP Kyle Lewis
Batting: RHB Hank Wilder 0-0: Ball
1-0: Called Strike
1-1: Called Strike
1-2: SINGLE (Groundball, 3D)
Batting: LHB Eric Ward 0-0: Foul Ball, location: 2F
0-1: Ball
Pickoff Throw to First - Out!
1-1: Swinging Strike
1-2: Strikes out swinging
Batting: RHB Luis Muńóz 0-0: Ball
1-0: Ball
2-0: Foul Ball, location: 2F
2-1: Foul Ball, location: 2F
2-2: Foul Ball, location: 2F
2-2: Ball
3-2: Foul Ball, location: 2F
3-2: Base on Balls
Batting: RHB Ed Anderson 0-0: Foul Ball, location: 2F
0-1: Foul Ball, location: 2F
0-2: Ball
1-2: Fly out, F5 (Popup, 25F)
Bottom of the 7th over - 0 run(s), 1 hit(s), 0 error(s), 1 left on base; Detroit 1 - New Amsterdam 9
TOP OF THE 8TH
Detroit Renaissance batting - Pitching for New Amsterdam Republics : RHP Pedro Castro
Now at 1B: Pedro Torrez
Batting: RHB Eric D'Angle 0-0: Called Strike
0-1: Ball
1-1: Foul Ball, location: 2F
1-2: Foul Ball, location: 2F
1-2: Ball
2-2: Fly out, F4 (Popup, 8LS)
Batting: RHB Kyle Bywaters 0-0: Ball
1-0: Foul Ball, location: 2F
1-1: Ball
2-1: Ball
3-1: Base on Balls
Pitching: RHP Ramón Lara
Batting: RHB Ron Ward 0-0: Ball
1-0: Ball
2-0: Called Strike
2-1: Grounds into double play, 5-4-3 (Groundball, 56)
Top of the 8th over - 0 run(s), 0 hit(s), 0 error(s), 0 left on base; Detroit 1 - New Amsterdam 9
BOTTOM OF THE 8TH
New Amsterdam Republics batting - Pitching for Detroit Renaissance : LHP Kyle Lewis
Batting: SHB Todd Hill 0-0: Fly out, F5 (Popup, 5F)
Batting: RHB Miguel Rodríguez 0-0: Ball
1-0: Called Strike
1-1: Swinging Strike
1-2: Foul Ball, location: 2F
1-2: Strikes out swinging
Batting: RHB António Pérez 0-0: Swinging Strike
0-1: Called Strike
0-2: Strikes out swinging
Bottom of the 8th over - 0 run(s), 0 hit(s), 0 error(s), 0 left on base; Detroit 1 - New Amsterdam 9
TOP OF THE 9TH
Detroit Renaissance batting - Pitching for New Amsterdam Republics : RHP Ramón Lara
Batting: LHB Mike Silver 0-0: Swinging Strike
0-1: SOLO HOME RUN (Line Drive, 9LD), Distance : 374 ft
Batting: LHB Juan González 0-0: Ball
1-0: Ball
2-0: Called Strike
2-1: Foul Ball, location: 2F
2-2: Fly out, F2 (Popup, 5SF)
Batting: LHB Michael Neely 0-0: Called Strike
0-1: Ball
1-1: Ball
2-1: Foul Ball, location: 2F
2-2: Ball
3-2: SINGLE (Line Drive, 4D)
Batting: LHB Tim Waters 0-0: Swinging Strike
0-1: Ball
1-1: Called Strike
1-2: Foul Ball, location: 2F
1-2: Strikes out looking
Batting: LHB Gregory Johnson 0-0: Ground out 6-3 (Groundball, 6)
Top of the 9th over - 1 run(s), 2 hit(s), 0 error(s), 1 left on base; Detroit 2 - New Amsterdam 9
This league is powered by Out of the Park Baseball, the baseball management simulation game for PC, Mac and Linux
Monday, October 3rd, 2016 - OOTP Baseball 16.9 Build 39